Map: Torches LE

Players

LigerMaNN

  • Race: Zerg Zerg
  • League: Diamond
  • Spawn Location: 5:00

Budz - Winner!

  • Race: Terran Terran
  • Spawn Location: 1:00

VOD

Have the link to the VOD?

Description

Time

  • Played on: June 26, 2025, 2:56 a.m.
  • Length: 7:41
Show
View Real Time Build Order
Export as new Build Order

LigerMaNN Zerg 

Build Orders: Hatch First 

Get SALT Encoding   

  12  0:01  Drone  
  13  0:12  Overlord  
  13  0:17  Drone  
  14  0:31  Drone x2  
  14  0:34  Drone  
  17  0:53  Hatchery  
  17  0:56  Drone  
  17  0:58  Drone  
  18  1:09  Extractor  
  17  1:14  Spawning Pool  
  17  1:17  Drone  
  17  1:20  Drone  
  18  1:28  Drone  
  19  1:38  Drone  
  20  1:49  Drone  
  21  2:05  Zergling x2  
  22  2:09  Overlord  
  22  2:11  Queen x2  
  26  2:16  Metabolic Boost  
  26  2:19  Zergling x4  
  28  2:32  Drone x2  
  30  2:48  Hatchery  
  30  2:50  Drone x4  
  33  3:12  Overlord x2  
  33  3:13  Overlord x2  
  33  3:18  Queen  
  35  3:27  Drone  
  34  3:48  Drone x7  
  40  3:59  Queen  
  40  4:01  Queen  
  40  4:02  Queen  
  46  4:10  Drone x7  
  46  4:12  Drone  
  46  4:14  Drone  
  55  4:21  Drone  
  55  4:22  Overlord  
  56  4:29  Drone  
  56  4:30  Drone x2, Extractor  
  58  4:35  Baneling Nest  
  58  4:36  Evolution Chamber  
  58  4:38  Evolution Chamber  
  55  4:49  Pneumatized Carapace  
  55  4:58  Queen  
  55  4:59  Queen  
  59  5:07  Drone  
  59  5:08  Drone x3  
  59  5:10  Drone  
  59  5:11  Drone x10  
  74  5:15  Overlord  
  74  5:22  Zerg Melee Weapons Level 1  
  74  5:38  Extractor  
  74  5:39  Drone, Extractor  
  74  5:40  Drone x2, Extractor  
  74  5:41  Drone x3  
  74  5:42  Extractor  
  76  5:44  Lair  
  74  6:04  Hatchery  
  74  6:06  Zergling x2  
  74  6:07  Zergling x8  
  74  6:11  Overlord x7  
  57  6:20  Zergling x6  
  52  6:27  Baneling x8  
  52  6:29  Baneling x2  
  52  6:31  Queen  
  46  6:48  Zergling x12  
  50  6:55  Zergling x4  
  50  7:00  Zergling x2  
  43  7:14  Zergling x4  
  42  7:16  Baneling  
  42  7:17  Baneling x11  
Show
View Real Time Build Order
Export as new Build Order

Budz Terran - Winner!

Build Orders: Command Center First 

Get SALT Encoding   

  12  0:02  SCV  
  13  0:14  SCV  
  14  0:18  Supply Depot  
  14  0:26  SCV  
  15  0:40  SCV  
  16  0:52  SCV  
  17  1:00  Command Center  
  17  1:04  SCV  
  18  1:17  Barracks, SCV  
  19  1:29  SCV  
  20  1:41  SCV  
  21  1:50  Command Center  
  21  1:53  SCV  
  22  2:04  Marine  
  22  2:08  Orbital Command  
  23  2:16  Orbital Command  
  23  2:21  Refinery  
  23  2:24  Refinery  
  23  2:27  Marine  
  24  2:35  SCV  
  24  2:43  Barracks  
  24  2:45  SCV  
  25  2:52  SCV  
  25  2:58  SCV  
  27  3:02  Orbital Command  
  27  3:03  Barracks Reactor  
  27  3:05  SCV  
  28  3:10  Barracks, SCV  
  29  3:17  Supply Depot, SCV  
  30  3:22  SCV  
  31  3:28  SCV  
  31  3:29  SCV  
  31  3:31  Refinery  
  31  3:33  Refinery, Barracks Tech Lab  
  33  3:34  SCV  
  33  3:40  Marine x2, SCV  
  33  3:41  SCV  
  37  3:45  Factory  
  37  3:47  SCV  
  37  3:53  Stimpack  
  37  3:56  SCV x2  
  37  3:59  Barracks Reactor  
  37  4:01  SCV  
  40  4:06  Engineering Bay  
  40  4:08  SCV  
  41  4:11  SCV  
  41  4:12  Engineering Bay  
  41  4:13  Marine  
  41  4:14  Marine  
  41  4:16  Marine  
  45  4:18  SCV  
  45  4:20  SCV  
  45  4:23  SCV  
  48  4:30  Factory Reactor  
  48  4:31  Marine x2  
  49  4:34  Starport, Marine  
  51  4:39  Terran Infantry Armor Level 1, Terran Infantry Weapons Level 1  
  51  4:42  Supply Depot  
  51  4:43  SCV  
  51  4:45  SCV  
  53  4:49  Marine x3  
  53  4:51  Marine  
  57  4:53  Marine  
  58  5:02  Supply Depot, SCV x2  
  58  5:05  Supply Depot  
  58  5:06  Orbital Command  
  60  5:07  Marine  
  60  5:08  Marine x2  
  60  5:09  Marine  
  60  5:11  Marine  
  65  5:16  Medivac  
  65  5:17  Factory Tech Lab, Medivac  
  69  5:24  SCV x2  
  69  5:26  Armory  
  71  5:32  SCV  
  71  5:35  Combat Shield  
  72  5:36  SCV x2  
  72  5:39  Marine x4  
  72  5:40  Marine  
  79  5:43  Supply Depot  
  79  5:48  Supply Depot, Medivac  
  79  5:49  Medivac  
  83  5:53  SCV  
  83  5:54  SCV  
  85  6:01  Supply Depot  
  85  6:03  Supply Depot  
  85  6:04  Marine, SCV  
  83  6:17  Marine x3  
  83  6:18  Marine  
  86  6:22  Marine, SCV x2  
  86  6:24  SCV  
  90  6:29  Refinery  
  90  6:30  Command Center  
  90  6:31  Refinery  
  90  6:34  SCV  
  90  6:35  Marine  
  86  6:50  Marine  
  86  6:51  Marine x3  
  86  6:53  Marine  
  91  6:57  SCV x2  
  91  6:59  SCV  
  94  7:05  Medivac x2  
  94  7:06  Factory Tech Lab  
  98  7:08  Marine x2  
  98  7:09  SCV x2  
  98  7:11  Barracks, SCV  
  98  7:15  Barracks  
  103  7:18  Marine x3  
  103  7:21  SCV x2  
  108  7:23  SCV  
  108  7:28  Factory  
Tags
 
Add a new tag
Caveats
  • Supply blocks, unpowered buildings, or Contaminate may cause inaccurate times.
  • Supply counts are checked every 10 seconds.